[Event "Svetozar Gligoric Masters 2022"]
[Site "Belgrade"]
[Date "2022.07.19"]
[Round "3.11"]
[White "Neelash Saha"]
[Black "Srija, Seshadri"]
[Result "1-0"]
[ECO "C50"]
[WhiteElo "2446"]
[BlackElo "2208"]
[Annotator "TA"]
[PlyCount "61"]
[EventDate "2022.07.18"]
[EventCountry "SRB"]
[SourceTitle "playchess.com"]
[Source "ChessBase"]
[SourceQuality "1"]
[TimeControl "40/5400+30:900+30"]

1. e4 e5 2. Nf3 Nc6 3. Bc4 Bc5 4. O-O Nf6 5. Re1 d6 6. h3 {C50: Hungarian Defence and Giuoco Pianissimo.} Bb6 7. d3 h6 8. c3 {The position is equal.} g5 9. d4 g4 {[#]} 10. hxg4 $146 ({Predecessor:} 10. dxe5 gxf3 11. exf6 Qxf6 12. Qxf3 Qxf3 13. gxf3 Rg8+ 14. Kh2 Ne5 15. Be2 Bxf2 16. Rf1 {0-1 (28) Alothimen,R-Lopez,G (1914) Tornelo INT 2020}) 10... Bxg4 11. Bb5 {aiming for d5.} Nd7 12. Be3 (12. a4 $14 a6 13. Bxc6 bxc6 14. a5) 12... Qf6 {Hoping for ...exd4.} 13. Nbd2 Rg8 $1 14. Kf1 (14. Bxc6 $11 bxc6 15. g3) 14... Qg6 (14... exd4 $17 15. cxd4 Nxd4) 15. Qa4 (15. Bxc6 $11 bxc6 16. Qa4) 15... Ncb8 (15... Bxf3 16. gxf3 f5 17. Bxc6 (17. Ke2 f4 $11) 17... bxc6 18. Qxc6 $11 (18. Ke2 f4 $11)) ({Black should play} 15... Ne7 $17 {Threatens to win with ...c6.} 16. Kg1 O-O-O) 16. Ke2 $14 c6 (16... a6 $11 {remains equal.}) 17. Bd3 $1 $16 Nf6 (17... a5 $14) 18. Rh1 {Nc4 is the strong threat.} Bh5 $2 (18... Nh5 $16 {was called for.}) 19. Rag1 $2 ({White must play} 19. Nc4 $1 $18 Bc7 20. Qb4 (20. dxe5 dxe5 21. Qb4 b6 $16)) 19... Nbd7 20. Nc4 Bc7 21. Qb4 $36 {[%csl LRb7,LRd6][%mdl 2048] White is on the roll.} d5 $2 {[#]} (21... O-O-O $16 {is a better defense.}) 22. exd5 $1 $18 (22. Qxb7 {[#]} Rb8 $1 23. Qxc7 dxc4 $11) ({Worse is} 22. Ncxe5 Nxe5 23. dxe5 dxe4 24. Qxb7 (24. exf6 exd3+ 25. Kd2 O-O-O $11) 24... exd3+ $11) 22... e4 {[#]} 23. Qxb7 $1 exd3+ 24. Kd2 {Really sharp!} Rb8 (24... Ne4+ $2 25. Kc1 Bxf3 26. Rxh6 $18) (24... cxd5 25. Qxa8+ Ke7 26. Qxa7 dxc4) 25. Qxc7 cxd5 (25... Nxd5 $142 26. Qxa7 Bxf3) 26. Nfe5 Qh7 27. Nd6+ Kf8 28. Nxd7+ Nxd7 29. b3 {Active counter play!} Bg4 30. Bxh6+ Ke7 {[#]} 31. Bg5+ $1 {[%mdl 512] Weighted Error Value: White=0.40/Black=0.89} 1-0

[Event "Svetozar Gligoric Masters 2022"]
[Site "Belgrade"]
[Date "2022.07.19"]
[Round "3.12"]
[White "Veselov, Yaroslav"]
[Black "Radovanovic, Nikola"]
[Result "1/2-1/2"]
[ECO "E60"]
[WhiteElo "2206"]
[BlackElo "2422"]
[Annotator "TA"]
[PlyCount "69"]
[EventDate "2022.07.18"]
[EventCountry "SRB"]
[SourceTitle "playchess.com"]
[Source "ChessBase"]
[SourceQuality "1"]
[TimeControl "40/5400+30:900+30"]

1. d4 Nf6 2. c4 g6 3. h4 c5 4. d5 b5 5. cxb5 a6 6. e3 {E60: King's Indian: Unusual lines and Fianchetto Variation without Nc3.} Bg7 7. Nc3 d6 8. a4 O-O {[#]} 9. Ra3 $146 ({Predecessor:} 9. Nf3 Bg4 10. Bc4 axb5 11. Bxb5 Nbd7 12. O-O Ne5 13. Be2 Bxf3 14. Bxf3 Qa5 15. Be2 {½-½ (80) Harsha,B (2489)-Hansen,E (2606) Chess.com INT 2021}) 9... e6 10. Nf3 Bb7 (10... axb5 $11 11. Bxb5 (11. axb5 Rxa3 12. bxa3 exd5 $11) 11... Bb7) 11. dxe6 $1 $16 fxe6 12. Be2 axb5 13. axb5 d5 14. O-O Nbd7 15. b4 (15. Rxa8 $16 Bxa8 16. b3) 15... cxb4 $11 16. Rxa8 Qxa8 17. Na4 Qa5 18. Ng5 (18. Bb2 Ra8 19. Qc1 Qxa4 $19) (18. Nd4 $1 $11 {is superior.}) 18... Re8 (18... Ra8 $15 19. Nb2 Nf8) 19. Bd3 {[#]} (19. Bb2 $11 {remains equal.}) 19... e5 $1 $17 20. Bd2 (20. e4 $142) 20... e4 21. Be2 h6 22. Nh3 Ra8 23. Nb2 Qa2 24. Bc1 Ne8 $2 (24... Nc5 $19 {And now ...Qb3 would win.} 25. Qd4 Nb3 26. Qxb4 Rc8) 25. Bc4 $11 {Inhibits Qb3.} dxc4 26. Qxd7 c3 ({But not} 26... Bxb2 27. Bxb2 Qxb2 28. Qxb7 $16) 27. Qxb7 cxb2 28. Bxb2 Bxb2 29. Qxe4 b3 {White must now prevent ...Bg7.} 30. Nf4 $2 (30. Qe6+ $11 Kh7 31. h5 (31. Nf4 Bg7 $17)) 30... Bg7 $19 31. Qe6+ Kh7 {Strongly threatening ...Qc2.} ({And not} 31... Kh8 32. Nxg6+ Kh7 33. b6 $11) 32. Qxg6+ Kh8 33. Qf5 {[#]} b2 $2 (33... Nd6 $1 $19 34. Ng6+ Kh7 35. Nf8+ Kg8 36. Qd5+ Nf7) 34. Ng6+ $11 Kg8 ({Black should try} 34... Kh7 $11 35. Ne7+ Kh8 36. Ng6+ Kh7 37. Ne7+ Kh8 38. Ng6+) 35. Ne7+ {Weighted Error Value: White=0.28 (precise) /Black=0.21 (precise)} 1/2-1/2

[Event "Svetozar Gligoric Masters 2022"]
[Site "Belgrade"]
[Date "2022.07.19"]
[Round "3.18"]
[White "Lu, Miaoyi"]
[Black "Vaibhav Jayant Raut"]
[Result "1/2-1/2"]
[ECO "B80"]
[WhiteElo "2322"]
[BlackElo "2169"]
[Annotator "TA"]
[PlyCount "67"]
[EventDate "2022.07.18"]
[EventCountry "SRB"]
[SourceTitle "playchess.com"]
[Source "ChessBase"]
[SourceQuality "1"]
[TimeControl "40/5400+30:900+30"]

1. e4 c5 2. Nf3 e6 3. Nc3 a6 4. g3 Nc6 5. Bg2 Nf6 6. O-O Be7 7. d4 cxd4 8. Nxd4 Qc7 9. Re1 d6 10. Nxc6 bxc6 11. e5 dxe5 12. Rxe5 Bb7 13. Bf4 {[%cal Oe5e6] And now Rxe6! would win. B80: Sicilian Scheveningen: 6 g3 and 6 Be3, including English Attack.} Rd8 {[#]} 14. Rd5 Qc8 15. Rxd8+ {White is better.} Qxd8 16. Qxd8+ Kxd8 17. Rd1+ Kc8 {[#]} 18. Na4 $1 Nd7 {Inhibits Nb6+.} 19. c4 {[#]} (19. Bd2 $16) 19... Rd8 $146 ({Predecessor:} 19... g5 20. Bd2 g4 21. Ba5 Rg8 22. Nb6+ Nxb6 23. Bxb6 c5 24. Bxb7+ Kxb7 25. Rd7+ Kxb6 26. Rxe7 {1-0 (55) Robak,Z (2217)-Kalmuk,K (1983) Sypniewo 2021}) 20. c5 e5 21. Be3 {Black must now prevent Bh3.} f5 22. h4 g6 23. b4 Kc7 24. Nb6 {Threatens to win with Nc4.} Nf6 (24... a5 $1 $11 {remains equal.}) 25. Rxd8 $16 {White is much more active.} Bxd8 26. Nc4 Ng4 (26... Nd5 $1 $14) 27. Bg5 e4 {Against Bf3} 28. Bf4+ Kd7 29. Nd6 Ba8 30. a4 (30. Bf1 $16) 30... Bf6 $11 31. Nc4 {Hoping for Nb6+.} Bb7 32. Nd6 Ba8 33. Nc4 {Nb6+ is the strong threat.} Bb7 34. f3 {Weighted Error Value: White=0.19 (very precise) /Black=0.19 (very precise)} 1/2-1/2

[Event "Svetozar Gligoric Masters 2022"]
[Site "Belgrade"]
[Date "2022.07.19"]
[Round "4.1"]
[White "Predke, Alexandr"]
[Black "Nitish Belurkar"]
[Result "1-0"]
[ECO "C02"]
[WhiteElo "2688"]
[BlackElo "2460"]
[Annotator "TA"]
[PlyCount "81"]
[EventDate "2022.07.18"]
[EventCountry "SRB"]
[SourceTitle "playchess.com"]
[Source "ChessBase"]
[SourceQuality "1"]
[TimeControl "40/5400+30:900+30"]

1. e4 e6 2. d4 d5 3. e5 c5 4. c3 Nc6 5. Nf3 Bd7 6. Be2 Nge7 7. O-O Ng6 8. g3 Be7 {8...f6 is more advanced technology. C02: French: Advance Variation.} 9. h4 cxd4 10. cxd4 O-O {The position is equal.} 11. Na3 $5 {[%cal Bb1a3,Ba3c2,Bc2e1,Be1d3][%mdl 4] Leaves trodden paths.} f6 12. h5 Nh8 13. Nc2 Nf7 {[%cal Rf6e5] Against h6} 14. Bf4 {[#]} Rc8 $146 ({Predecessor:} 14... fxe5 15. dxe5 Ng5 16. Bxg5 Bxg5 17. Nfd4 Qb6 18. Kh1 Be7 19. f4 Rac8 20. Bg4 Nxd4 21. Nxd4 {½-½ (58) Arencibia Rodriguez,W (2485)-Pecorelli Garcia,H (2405) Matanzas 1994}) 15. Qd2 Qa5 16. Qxa5 (16. Qd3 {looks sharper.} Qb6 17. Rac1 a6 18. Kg2) 16... Nxa5 17. Rfc1 Nc4 18. Nce1 Rc6 ({Don't play} 18... Nxb2 19. Rab1 $14) 19. Nd3 Rfc8 20. b4 fxe5 21. dxe5 Na3 22. Rxc6 Rxc6 23. Rc1 Rxc1+ 24. Bxc1 Nc4 25. Bd1 a5 26. bxa5 Nxa5 27. Nd4 Nc6 28. Nxc6 Bxc6 29. Bg4 Nd8 (29... Bd7 $11 {remains equal.}) 30. Be3 $16 Bd7 {[#]} 31. Nf4 $1 {White is more active.} Nc6 (31... Bg5 $142) 32. Nxd5 $1 ({But not} 32. Bxe6+ $6 Bxe6 33. Nxe6 Kf7 $11) 32... Nxe5 (32... exd5 $16 33. Bxd7 d4) 33. Nxe7+ $18 Kf7 {[#]} 34. Be2 Kxe7 {[%mdl 4096] Endgame [#] KBB-KBN} 35. Bd4 $1 Nc6 36. Bxg7 e5 37. Bd3 Kf7 38. h6 Be6 $2 (38... Nd4 39. f4 (39. Bxh7 Nf3+ 40. Kg2 Bc6 $11) 39... Nf5) 39. Bxh7 {Be4 is the strong threat. This bishop pair is nice. White is clearly winning.} Bxa2 40. Be4 {Hoping for Bh8.} Be6 41. Bh8 {Weighted Error Value: White=0.03 (flawless) /Black=0.29 (precise)} 1-0

[Event "Svetozar Gligoric Masters 2022"]
[Site "Belgrade"]
[Date "2022.07.19"]
[Round "4.2"]
[White "Pranav Vijay"]
[Black "Stoyanov, Tsvetan"]
[Result "1-0"]
[ECO "B96"]
[WhiteElo "2265"]
[BlackElo "2450"]
[Annotator "TA"]
[PlyCount "75"]
[EventDate "2022.07.18"]
[EventCountry "SRB"]
[SourceTitle "playchess.com"]
[Source "ChessBase"]
[SourceQuality "1"]
[TimeControl "40/5400+30:900+30"]

1. e4 c5 2. Nf3 d6 3. d4 cxd4 4. Nxd4 Nf6 5. Nc3 a6 6. Bg5 e6 7. f4 h6 8. Bh4 Qb6 9. a3 Be7 {[%cal Of6e4] B96: Sicilian Najdorf: 6 Bg5 e6 7 f4, lines other than 7...Qb6 and 7...Be7.} (9... Qxb2 $2 10. Na4 Qxa1 11. Qxa1 $18) 10. Bf2 {[%cal Od4e6] And now Nxe6! would win.} Qc7 (10... Qxb2 $2 11. Na4 Qxa1 12. Qxa1 $18) 11. Qf3 Nbd7 {The position is equal.} 12. O-O-O $1 b5 13. g4 Bb7 14. Bg2 {14.Bg2 has become a bit dusty these days.} g5 (14... Rc8 $11) 15. h4 {15.f5 is vanishing.} ({Better is} 15. f5 $1 $14) 15... gxf4 $11 16. g5 ({Much worse is} 16. Qxf4 e5 17. Qf5 exd4 $17) 16... Ne5 17. Qxf4 hxg5 18. hxg5 Rxh1 19. Rxh1 Nfd7 20. Kb1 Nf8 {[#] Inhibits Rh7.} 21. Qg3 $146 ({Wrong is} 21. Rh8 $2 Neg6 22. Rxf8+ Bxf8 $19) ({Predecessor:} 21. Rh6 Rb8 22. Qg3 Ba8 23. Rh8 b4 24. axb4 Rxb4 25. g6 Nexg6 26. Nxe6 Qb8 27. Ng7+ Kd8 28. Ne6+ Ke8 {0-1 (28) Yavdosiuk,S-Bronnikov,A (2197) ICCF email 2018}) 21... O-O-O 22. Rd1 Nfg6 (22... Kb8 $11) 23. Bf1 (23. Bh3 $5 ) 23... Nc6 {[#]} (23... Kb8 $11) 24. Qg1 (24. a4 $1 $16 bxa4 25. Nxa4) 24... Nxd4 (24... Kb8 $11 {is superior.}) 25. Bxd4 $14 Rg8 26. Rd3 {[%cal Oc3d5] aiming for Nd5!} Kb8 27. Rg3 Ne5 28. Be2 Nc4 29. Bd3 Ne5 30. Be2 Nc4 31. Ka2 Qd8 (31... Ne5 $11) 32. Bxc4 $16 bxc4 33. Be3 {White is more active.} Qc7 {[#]} (33... Rg7 $16 34. Qd1 Bf6) 34. Qf1 $1 $18 Rg7 35. Rf3 Bd8 $2 (35... Qd8 36. Rxf7 Rxf7 37. Qxf7 Bxg5) 36. Qh3 {Qh8 is the strong threat.} Qe7 $2 (36... Bc8 37. Qh6 Rg8) 37. Qh8 Rg6 38. Bb6 {Weighted Error Value: White=0.15 (very precise) /Black=0.32} (38. Qh7 $142) 1-0

[Event "Svetozar Gligoric Masters 2022"]
[Site "Belgrade"]
[Date "2022.07.19"]
[Round "4.7"]
[White "Sedlak, Nikola"]
[Black "Erdogmus, Yagiz Kaan"]
[Result "1/2-1/2"]
[ECO "A04"]
[WhiteElo "2480"]
[BlackElo "2373"]
[Annotator "TA"]
[PlyCount "122"]
[EventDate "2022.07.18"]
[EventCountry "SRB"]
[SourceTitle "playchess.com"]
[Source "ChessBase"]
[SourceQuality "1"]
[TimeControl "40/5400+30:900+30"]

1. e4 c5 2. Nf3 e6 3. d3 Nc6 4. g3 g6 5. Bg2 Bg7 6. O-O Nge7 7. Re1 O-O 8. c3 {8.Nbd2 is more fashionable.} e5 9. a3 d5 10. b4 {A04: Unusual lines after 1 Nf3 and King's Indian Attack.} dxe4 11. dxe4 {[#]} Be6 $146 ({Predecessor:} 11... b6 12. Be3 Qc7 13. Nbd2 Ba6 14. Qa4 Bd3 15. bxc5 Na5 16. cxb6 axb6 17. Qb4 Rfb8 {1-0 (41) Lommen,F (2028)-Boschek,H (1948) Bad Homburg 2018}) 12. Be3 {White is slightly better.} b6 13. Nbd2 cxb4 14. axb4 h6 15. Qe2 a5 (15... Rc8 $11 {remains equal.}) 16. b5 $16 Nb8 17. Nc4 $1 Nd7 18. Red1 $36 {[%cal Oc4b6][%mdl 2048] Black must now prevent Nxb6! Keeping Black busy.} Qc7 {[#]} (18... Qc8 $16 {might work better.} 19. Nxb6 Nxb6) 19. Rxd7 $1 $18 Bxd7 20. Nxb6 (20. Bxb6 Qb8 21. Qe3 (21. Bc5 Bxb5 22. Bxe7 Rc8 $17) 21... Bxb5 $17) 20... Rad8 21. c4 (21. Rxa5 Be6 $11) (21. Nxd7 $18 Qxd7 22. c4 (22. Rxa5 Qd3 $16)) 21... f5 (21... Bg4 $16) 22. Nxd7 ({But not} 22. Rxa5 $6 f4 23. Nxd7 (23. gxf4 exf4 24. Nxd7 Qxa5 $11) 23... Qxa5 24. Nxf8 fxe3 $11) 22... Rxd7 (22... Qxd7 $142 23. c5 Qd3 24. Qxd3 Rxd3) 23. c5 f4 24. c6 $2 (24. Qc4+ $1 $18 Kh7 25. Bd2) 24... fxe3 $14 25. cxd7 {Bh3 is the strong threat.} exf2+ 26. Qxf2 {Hoping for Bh3.} Qxd7 27. Qa2+ Kh7 28. Qxa5 Rb8 (28... Nc8 $142) 29. Bf1 $16 Rf8 30. Ra3 Qg4 31. Bg2 Nc8 (31... Qd7 $16 32. h3 Rc8) 32. Qc7 $18 {And now b6 would win.} Qe6 {Prevents b6.} 33. Qc6 ({White should try} 33. h4 $18) 33... Nd6 {[#]} (33... Qd6 $14 34. Qxd6 Nxd6) 34. Rd3 $1 Rf6 35. h4 Qe7 36. b6 {aiming for Qc7.} Nb7 37. Qc7 Qc5+ 38. Qxc5 {Active counter play!} Nxc5 39. Rd5 Na4 (39... Nb7 $16 {was worth a try.}) 40. b7 ({Resist} 40. Nxe5 $6 Nxb6 41. Rb5 Re6 $16) 40... Rb6 {[#]} 41. Nxe5 $2 (41. Ra5 $1 $18 Nb2 42. Ra7 (42. Nxe5 Rxb7 43. Kh2 Rb3 $14)) 41... Rxb7 $14 42. h5 gxh5 43. Nd3 Nc3 $1 44. Rxh5 Rd7 {The position is equal.} 45. Nf4 Re7 {Inhibits e5.} 46. Rh4 Bf6 47. Rg4 Rg7 (47... Nxe4 $2 48. Nd5 Ng5 49. Nxf6+ $18) 48. Rxg7+ Kxg7 $11 {[%mdl 4096] Endgame KBN-KBN} 49. Kf2 Be5 50. Kf3 Nb5 51. Kg4 Nd4 52. Bf1 Bd6 53. Bc4 Be5 54. Nd3 Kf6 55. Nxe5 Kxe5 {KB-KN} 56. Bd3 {Threatens to win with Kh5.} Ne6 57. Kh5 Nc5 58. Bc2 Nxe4 59. Bxe4 Kxe4 60. Kxh6 {Intending g4 and mate.} Kf3 61. g4 Kxg4 {Black escapes into a draw.  Weighted Error Value: White=0.17 (very precise) /Black=0.18 (very precise)} 1/2-1/2

[Event "Svetozar Gligoric Masters 2022"]
[Site "Belgrade"]
[Date "2022.07.19"]
[Round "4.9"]
[White "Radovanovic, Nikola"]
[Black "Makaraci, Tunahan"]
[Result "1-0"]
[ECO "B03"]
[WhiteElo "2422"]
[BlackElo "2130"]
[Annotator "TA"]
[PlyCount "142"]
[EventDate "2022.07.18"]
[EventCountry "SRB"]
[SourceTitle "playchess.com"]
[Source "ChessBase"]
[SourceQuality "1"]
[TimeControl "40/5400+30:900+30"]

1. e4 Nf6 2. e5 Nd5 3. c4 Nb6 4. d4 d6 5. f4 dxe5 6. fxe5 Bf5 7. Nc3 e6 8. Be3 Bb4 9. Nf3 c5 10. Qb3 {B03: Alekhine's Defence: Four Pawns Attack.} ({Much worse is} 10. dxc5 Qxd1+ 11. Kxd1 Bxc3 12. bxc3 Na4 $15) 10... cxd4 {...Bxc3+ is the strong threat.} (10... Qe7 {looks sharper.} 11. dxc5 Bxc5 12. Bxc5 Qxc5 13. Qb5+ N8d7) 11. Nxd4 Bxc3+ (11... Qh4+ $11 12. Bf2 Qe4+ 13. Be2 Nc6) 12. Qxc3 $14 {[#] White is slightly better.} O-O $146 ({Predecessor:} 12... Qh4+ 13. g3 Qe4 14. Nxf5 exf5 15. O-O-O Qxh1 16. Qd2 O-O 17. Bg2 Qxh2 18. Bf4 Qh5 19. Bxb7 Nc6 20. Bxa8 Nxa8 21. c5 h6 22. Qd7 Rd8 23. Qxd8+ Nxd8 24. Rxd8+ Kh7 {0-1 (24) Okrugic,T (1886)-Grguric,D (1940) Kastav 2011}) 13. Nxf5 (13. Be2 $16) 13... exf5 $11 14. Bd3 (14. Be2 $11) 14... Nc6 (14... Na4 $15 15. Qc2 Qa5+ 16. Kf2 Na6 17. Bxf5 g6) 15. O-O-O $14 Qe7 16. Bxf5 Nxe5 17. b3 Qa3+ (17... Rfe8 $142) 18. Kb1 $16 Nexc4 {Strongly threatening ...Na4.} 19. Bd4 Qa5 20. Be4 {The board is on fire. This bishop pair is nice.} (20. Qh3 $1 $16 g6 21. Rhf1 (21. bxc4 Qxf5+ 22. Qxf5 gxf5 $14)) 20... Qxc3 $14 21. Bxc3 Na3+ ({Black should play} 21... Ne3 $14) 22. Kb2 $18 Nb5 23. Bb4 ({Weaker is} 23. Bxb7 Rab8 24. Ba6 Nxc3 25. Kxc3 Rfd8 $14) 23... Rfe8 24. Bxb7 Rab8 25. Bf3 (25. Bc6 $1 $18 Re5 26. Rhe1) 25... Nc7 $16 26. Bd6 (26. Ka1 $16) 26... Nc4+ $14 27. Ka1 Nxd6 28. Rxd6 Re7 {Inhibits Rd7.} 29. Rhd1 g6 30. Rd7 Kf8 31. Bc6 $36 {[%mdl 2048] aiming for Rxe7. White fights for an advantage.} Rbe8 (31... Rc8 $1 $14) 32. b4 {White is more active.} Rxd7 33. Rxd7 $16 {[%mdl 4096] Endgame KRB-KRN} Re7 34. Rd8+ Kg7 35. Kb2 Re6 36. Bf3 {Threatens to win with Rd7.} Kf6 37. a4 Ke7 38. Rc8 Kd7 39. Rf8 Ke7 40. Rc8 Kd7 41. Rf8 Ke7 42. Rh8 h5 43. Kc3 Re3+ 44. Kb2 (44. Kc4 $14) 44... Ne8 (44... Re6 $11 {remains equal.}) 45. b5 Re5 (45... Kf6 $14) 46. Kb3 Re1 (46... Kd6 $16) 47. Kb4 Rb1+ {[#]} 48. Ka5 $1 Ra1 49. Bc6 Nc7 50. b6 $2 (50. Rb8 $18 {has better winning chances.}) 50... axb6+ 51. Kxb6 Ne6 52. a5 ({Better is} 52. Rc8 $16) 52... Rb1+ $11 53. Ka7 Kd6 54. Bb7 {Threatening Rc8.} Kc7 {White now steadily converts the win.} (54... Ra1 $11) 55. a6 (55. Rc8+ $18 Kd6 56. Kb8) 55... Nd8 $2 {[#]} (55... Ra1 $2 56. Rc8+ Kd6 57. Rc6+ Ke7 58. Kb8 $18) (55... Kd6 $16 56. Rc8 Nc7 57. Rd8+ Ke7) 56. Rxd8 $1 $18 Kxd8 {KR-KB} (56... Ra1 57. Rc8+) 57. Kb8 g5 58. a7 {White mates.} Ra1 59. a8=Q Rxa8+ 60. Bxa8 {KB-K3P} Kd7 61. Kb7 f5 62. Kb6 Kd6 63. Kb5 g4 64. Kc4 Ke5 65. Kd3 h4 66. Ke3 f4+ 67. Kd3 Kf5 68. Bb7 Ke5 69. Bc8 g3 70. hxg3 f3 71. gxf3 Kd5 {Weighted Error Value: White=0.34/Black=0.39} 1-0

[Event "Svetozar Gligoric Masters 2022"]
[Site "Belgrade"]
[Date "2022.07.19"]
[Round "4.11"]
[White "Ozer, Omer Faruk"]
[Black "Makarian, Rudik"]
[Result "0-1"]
[ECO "A47"]
[WhiteElo "2317"]
[BlackElo "2533"]
[Annotator "TA"]
[PlyCount "68"]
[EventDate "2022.07.18"]
[EventCountry "SRB"]
[SourceTitle "playchess.com"]
[Source "ChessBase"]
[SourceQuality "1"]
[TimeControl "40/5400+30:900+30"]

1. Nf3 Nf6 2. d4 c5 3. e3 b6 4. Bd3 Bb7 5. O-O g6 6. c4 {A47: 1 d4 Nf6 2 Nf3 b6: Torre, London and Colle Systems.} Bg7 7. d5 {now scores much better than the old 7.Nc3.} b5 {[#]} 8. e4 $146 ({White should try} 8. Re1 $14) ({Predecessor:} 8. Nc3 b4 9. Ne2 d6 10. Nd2 O-O 11. f4 e6 12. e4 Nbd7 13. Nf3 exd5 14. exd5 {1-0 (36) Mladenovic,S (2355)-Nestorovic,N (2453) Kragujevac 2018}) 8... bxc4 $11 9. Bxc4 Nxe4 10. Qb3 Qb6 (10... Nd6 $15) 11. Re1 Nd6 12. Bg5 f6 13. Bf4 {aiming for Bxd6.} Nxc4 14. Qxc4 Qb4 (14... Qxb2 15. Nc3 Qb4 16. Qe2 $11) 15. Qe2 O-O 16. Bd2 Qb6 ({But not} 16... Qxb2 17. Nc3 Qb6 18. Qxe7 $11) 17. Nc3 Re8 18. h4 e5 (18... Qxb2 $2 19. Rab1 Ba6 20. Rxb2 $18) 19. h5 Na6 (19... Qxb2 $2 20. Rab1 Ba6 21. Qe4 $18) (19... gxh5 $2 20. Nh4 f5 21. Qxh5 $18) 20. hxg6 hxg6 21. Qe4 Kf7 (21... Qxb2 $2 22. Rab1 Qa3 23. Rxb7 $18) 22. Qg4 Rad8 (22... Nc7 $11) 23. Rad1 $1 $14 Rh8 24. Be3 $2 {[#]} (24. Ne4 $1 $16 {is necessary to keep the advantage.}) 24... Rh5 $1 $36 {[%mdl 2048] White is under strong pressure.} (24... Qxb2 $2 25. Ne4 $18) 25. d6 $2 {[%mdl 8192] [#] Now White is beyond hope.} (25. b3 $17) 25... Qb4 $1 $19 {Dancing on a razor blade.} 26. Qxb4 Nxb4 ({Stronger than} 26... cxb4 27. Ne2 $19) 27. Ne2 Nc2 28. Bxc5 (28. Ng3 $142 Nxe1 29. Rxe1) 28... e4 29. Ng3 Rxc5 30. Nxe4 Nxe1 31. Nxc5 Nxf3+ 32. gxf3 Bxf3 {( -> ...Rh8)} 33. Re1 Rh8 34. Re7+ Kg8 {Weighted Error Value: White=0.63/Black=0.10 (very precise)} 0-1

[Event "Svetozar Gligoric Masters 2022"]
[Site "Belgrade"]
[Date "2022.07.19"]
[Round "4.12"]
[White "Pujari, Rucha"]
[Black "Arjun Kalyan"]
[Result "0-1"]
[ECO "D37"]
[WhiteElo "2244"]
[BlackElo "2499"]
[Annotator "TA"]
[PlyCount "102"]
[EventDate "2022.07.18"]
[EventCountry "SRB"]
[SourceTitle "playchess.com"]
[Source "ChessBase"]
[SourceQuality "1"]
[TimeControl "40/5400+30:900+30"]

1. d4 Nf6 2. c4 e6 3. Nf3 d5 4. Nc3 Nbd7 5. e3 a6 6. a3 b6 {D37: Queen's Gambit Declined: 5 Bf4.} 7. b4 a5 8. b5 {[#]} Bb7 $146 {White has an edge.} ({Predecessor:} 8... Bd6 9. g3 Bb7 10. Bg2 dxc4 11. O-O O-O 12. Bb2 c5 13. bxc6 Bxc6 14. a4 Qe7 {½-½ (50) Kempinski,R (2553)-Jakubowski,K (2483) Warsaw 2003}) 9. Bb2 Bd6 10. Qc2 O-O 11. Bd3 Qe7 (11... dxc4 {keeps more tension.} 12. Bxc4 e5 13. Ne2 Be4) 12. cxd5 exd5 13. Qb3 Rfe8 14. O-O Nf8 15. a4 Ng6 16. Ba3 Rad8 17. Bxg6 hxg6 18. Ne5 Qe6 19. Bxd6 cxd6 20. Nd3 g5 21. Rac1 g6 22. Rfe1 Kg7 23. f3 Rc8 24. h3 Rc4 25. Nb1 Rxc1 26. Nxc1 Nh5 27. Nd3 f5 28. Nd2 Qf6 29. Nf1 {Threatens to win with g4.} Kh7 30. Rc1 Re7 31. Nf2 Ng7 32. Rc3 Ne6 33. Qd1 Qg7 34. Rd3 Rc7 35. g4 (35. Qb3 $14 {keeps the upper hand.}) 35... f4 $17 36. e4 (36. exf4 $17 {was necessary.} gxf4 37. h4) 36... Rc4 $19 37. exd5 Bxd5 {Hoping for ...Qc7.} 38. Nd2 Rxd4 39. Nde4 Qe5 (39... Bc4 $1 $19 40. Rxd4 Qxd4 41. Qxd4 Nxd4 42. Nf6+ Kg7) 40. Rxd4 $15 Nxd4 (40... Qxd4 $2 41. Qxd4 Nxd4 42. Nf6+ Kg7 43. Nxd5 $18) 41. Nxg5+ {[#]} Kg7 $1 $17 {0x0.0013b8d9385edp-1022s more active pieces.} 42. Nfe4 $2 {[#]} (42. h4 {might work better.}) 42... Bb3 $1 $19 43. Qd3 (43. Qd2 {was the only chance.} d5 44. Nf2) 43... d5 44. Nd6 (44. Nc3 $142 Qe3+ 45. Qxe3 fxe3 46. Kf1) 44... Qe3+ 45. Qxe3 fxe3 {[%cal Bf4e3,Be3e2][%mdl 4128] Endgame KBN-KNN} 46. Nc8 Bxa4 47. Nxb6 Bxb5 48. f4 Nc2 {( -> ...e2)} 49. Nxd5 e2 50. Nf3 Bc6 51. Kf2 Bxd5 {Weighted Error Value: White=0.63/Black=0.14 (very precise)} 0-1